 Dungeon Crawl Stone Soup version 0.30-a0-359-gd0147acb1a (webtiles) character file.

Game seed: 5206482931028089126

373 Bnni the Poker (level 6, -9/53 HPs)
             Began as a Minotaur Gladiator on Nov 12, 2022.
             Killed from afar by Pikel (13 damage)
             ... with a bolt of dispelling energy
             ... on level 4 of the Dungeon.
             The game lasted 00:05:01 (2921 turns).

Bnni the Poker (Minotaur Gladiator)                 Turns: 2921, Time: 00:05:01

Health: -9/53      AC:  6    Str: 21    XL:     6   Next: 43%
Magic:  5/5        EV: 11    Int:  5    God:
Gold:   124        SH:  0    Dex: 11    Spells: 5/5 levels left

rFire   . . .      SeeInvis .    m - +0 war axe (elec)
rCold   . . .      Faith    .    (no shield)
rNeg    . . .      Spirit   .    g - +1 ring mail {rPois}
rPois   +          Reflect  .    c - +0 hat
rElec   .          Harm     .    (no cloak)
rCorr   .          Rampage  .    (no gloves)
Will    +....                    (no boots)
Stlth   +.........               (no amulet)
HPRegen 0.28/turn                f - ring of willpower
MPRegen 0.09/turn                (no ring)

@: no status effects
A: horns 2, retaliatory headbutt
a: no special abilities


You were on level 4 of the Dungeon.
You visited 1 branch of the dungeon, and saw 4 of its levels.

You collected 124 gold pieces.

Inventory:

Hand Weapons
 a - a +0 trident
 m - a +0 war axe of electrocution (weapon)
 r - a +0 glaive
Missiles
 d - 3 throwing nets (quivered)
 e - a javelin
Armour
 c - a +0 hat (worn)
 g - a +1 ring mail of poison resistance (worn)
Jewellery
 f - a ring of willpower (left hand)
Scrolls
 b - a scroll of vulnerability {unknown}
 i - a scroll of poison {unknown}
 j - 2 scrolls of fog {unknown}
 l - a scroll of torment {unknown}
 n - a scroll of identify {unknown}
 o - a scroll of enchant armour {unknown}
Potions
 h - 2 potions of curing {unknown}
 k - a potion of mutation {unknown}
 p - a potion of ambrosia {unknown}
 q - a potion of flight {unknown}


   Skills:
 + Level 4.7 Fighting
 * Level 7.0 Polearms
 - Level 2.0 Throwing
 - Level 3.0 Armour
 - Level 3.2 Dodging


You had 5 spell levels left.
You didn't know any spells.
Your spell library was empty.

Dungeon Overview and Level Annotations

Branches:
Dungeon (4/15)
 Temple: D:4-7

Altars:
Trog

Shops:
D:1 (?:[=   D:2 [[

Annotations:
D:4 Pikel


Innate Abilities, Weirdness & Mutations

You have a pair of horns on your head.
You reflexively headbutt those who attack you in melee.


Message History

You furiously retaliate!
You headbutt the lemure!
You kill the lemure!
That felt strangely unrewarding.
You slash Pikel! Your headbutt misses Pikel.
Pikel is almost dead.
You hit the kobold.
Pikel zaps a wand.
The bolt of dispelling energy hits you! The kobold misses you.
You miss Pikel.
Pikel is almost dead.
You hit the kobold.
You kill the kobold!
Pikel hits you with a +1 whip of flaming.
Pikel burns you.
You barely miss Pikel.
Pikel is almost dead.
Pikel hits you with a +1 whip of flaming!
Pikel burns you.
Pikel hits you with a +1 whip of flaming.
Pikel burns you.
You are too injured to fight recklessly!
You are too injured to fight recklessly!
You barely miss Pikel. Your headbutt misses Pikel.
Pikel is almost dead.
Pikel hits you with a +1 whip of flaming!
* * * LOW HITPOINT WARNING * * *
Pikel burns you.
* * * LOW HITPOINT WARNING * * *
Unknown command.
You hit Pikel but do no damage.
Pikel is almost dead.
Pikel barely misses you.
Unknown command.
You closely miss Pikel. Your headbutt misses Pikel.
Pikel is almost dead.
Pikel hits you with a +1 whip of flaming.
* * * LOW HITPOINT WARNING * * *
Pikel burns you.
* * * LOW HITPOINT WARNING * * *
Pikel zaps a wand.
The bolt of dispelling energy hits you!
You die...

# ## ## # # K### ###8#.. #
#... ..... # #... 55.
#.###### ##..##K# #.....##
#8..)@.############.##
#.#######
##....................
#.......#
#[.#############.#...
#######.##
##..###.........#.#†##
#..###8....#.#######.......
#######..###..#.#.#
#.....#.##
#......#......#.#.#
#.....#.##
#......##..####.#.#
#.....#.##
#......###........#
####......


You could see Pikel and 2 lemures.

Vanquished Creatures
  An ogre (D:4)
  A lemure (D:4)
  A howler monkey (D:4)
  Jessica (D:3)
  Natasha (thrice) (D:2)
  An orc wizard (D:4)
  Robin (D:2)
  2 adders
  An ufetubus (D:4)
  A worm (D:3)
  5 dart slugs
  7 orcs
  5 endoplasms
  13 goblins
  9 hobgoblins
  4 quokkas
  4 ball pythons
  6 bats
  A frilled lizard (D:1)
  6 kobolds
  2 rats
75 creatures vanquished.

Notes
Turn   | Place    | Note
-------+----------+-------------------------------------------
     0 | D:1      | Bnni the Minotaur Gladiator began the quest for the Orb.
     0 | D:1      | Reached XP level 1. HP: 18/18 MP: 0/0
    91 | D:1      | Reached skill level 4 in Polearms
    92 | D:1      | Reached XP level 2. HP: 21/25 MP: 1/1
   136 | D:1      | Reached skill level 1 in Armour
   184 | D:1      | Found Wabyudua's Book Shoppe.
   195 | D:1      | Found Cifatuk's Jewellery Emporium.
   252 | D:1      | Found Aczybb's Antique Armour Shoppe.
   302 | D:1      | Found Sipeas's Magic Scroll Boutique.
   454 | D:1      | Found Akhlucya's Weapon Shop.
   681 | D:2      | Found Tuoheon's Armour Shoppe.
   726 | D:2      | Reached XP level 3. HP: 31/31 MP: 2/2
   817 | D:2      | Noticed Natasha
   819 | D:2      | Killed Natasha
   843 | D:2      | Noticed Robin
   869 | D:2      | Reached XP level 4. HP: 21/38 MP: 3/3
   872 | D:2      | Reached skill level 5 in Polearms
   879 | D:2      | Killed Robin
  1033 | D:2      | Found a faded altar of an unknown god.
  1177 | D:2      | Found Buofraj's Antique Armour Boutique.
  1376 | D:2      | Noticed Natasha
  1379 | D:2      | Killed Natasha
  1395 | D:2      | Noticed Natasha
  1402 | D:2      | Killed Natasha
  1403 | D:2      | Reached XP level 5. HP: 36/46 MP: 4/4
  1924 | D:3      | Noticed Jessica
  1926 | D:3      | Killed Jessica
  2235 | D:3      | Found a bloodstained altar of Trog.
  2515 | D:4      | Reached skill level 6 in Polearms
  2547 | D:4      | Noticed an ogre
  2551 | D:4      | Killed an ogre
  2552 | D:4      | Reached XP level 6. HP: 22/53 MP: 5/5
  2808 | D:4      | Reached skill level 7 in Polearms
  2909 | D:4      | Noticed Pikel
  2921 | D:4      | Killed from afar by Pikel

Illustrated notes

Levels and vault maps discovered:
D:1:      evilmike_arrival_come_back, layout_loops_ring, serial_shops,
          nicolae_shop_stone, shop, shop, shop, shop_fountains, nicolae_titane
D:2:      layout_loops_ring, serial_shops, shop, nicolae_shop_advertising_works
          [nicolae_subvault_shop_adworks], nicolae_ecumenical_lake_church,
          uniq_natasha, uniq_robin
D:3:      layout_loops_ring, old_standard_altar, st_stairs_4, dk_noncrumbling_4,
          uniq_jessica
D:4:      layout_basic, serial_corexii_hall, chequers_hall_statues_corner_a,
          corexii_hall_statues_x, corexii_hall_statues_i,
          chequers_hall_statues_corner_a, uniq_pikel

Skill      XL: |  1  2  3  4  5  6 |
---------------+-------------------+-----
Polearms       | 4 5 6 7 |  7.0
Armour         | 1 2 3 |  3.0
Fighting       | 3 4 |  4.7
Throwing       | |  2.0
Dodging        | |  3.2

Action                   |  1- 3 |  4- 6 || total
-------------------------+-------+-------++-------
Melee: Trident           |    81 |    55 ||   136
       Headbutt          |     7 |    15 ||    22
       War axe           |       |    45 ||    45
       Punch             |       |     1 ||     1
Armor: Ring mail         |    23 |    43 ||    66
Dodge: Dodged            |    26 |    58 ||    84

Table legend: (Time is in decaauts)
 A = Elapsed time spent in this place.
 B = Non-inter-level travel time spent in this place.
 C = Inter-level travel time spent in this place.
 D = Time resting spent in this place.
 E = Time spent auto-exploring this place.
 F = Levels seen in this place.
 G = Mean time per level.
                   A        B        C        D        E       F      G
               +--------+--------+--------+--------+--------+-----+--------+
         Total |   2943 |   2729 |    214 |     91 |   2212 |   4 |  735.8 |
       Dungeon |   2943 |   2729 |    214 |     91 |   2212 |   4 |  735.8 |
               +--------+--------+--------+--------+--------+-----+--------+

Top non-repeatable levels by time:
     D:2: 1054 daAuts
     D:3: 725 daAuts
     D:1: 683 daAuts
     D:4: 479 daAuts
